 Dungeon Crawl Stone Soup version 0.25-a0-346-g140ab784a8 (webtiles) character file.

Game seed: 349738396447718842, levelgen mode: deterministic

21016 Lavandula the Spry (level 12, -1/88 HPs)
             Began as a Merfolk Monk on Dec 31, 2019.
             Was a Believer of Qazlal.
             Shot with an arrow by a centaur warrior (17 damage)
             ... on level 14 of the Dungeon.
             The game lasted 00:38:02 (14042 turns).

Lavandula the Spry (Merfolk Monk)                  Turns: 14042, Time: 00:38:02

Health: -1/88      AC: 10    Str: 17    XL:     12   Next: 85%
Magic:  15/15      EV: 26    Int: 16    God:    Qazlal [**....]
Gold:   1415       SH:  8    Dex: 17    Spells: 7/11 levels left

rFire    . . .     SeeInvis +   y - +1 trident (holy)
rCold    + . .     Gourm    .   D - +0 buckler
rNeg     . . .     Faith    +   (no armour)
rPois    .         Spirit   .   P - +1 hat
rElec    .         Reflect  .   i - +0 cloak
rCorr    .         Harm     .   Q - +4 pair of gloves "Nenna" {Str+2 Int+6}
MR       .....                  B - +2 pair of boots
Stlth    ++........             p - amulet of faith
HPRegen  0.24/turn              Z - ring of Compulsion {Wiz +Blink rC+}
MPRegen  0.14/turn              e - ring of see invisible

@: no status effects
A: change form in water, swift swim, stealthy swim
a: Upheaval, Renounce Religion, Evoke Blink


You were on level 14 of the Dungeon.
You worshipped Qazlal.
Qazlal was pleased with you.
You were not hungry.

You visited 1 branch of the dungeon, and saw 14 of its levels.
You also visited: Ossuary and Ice Cave.

You collected 1415 gold pieces.

Inventory:

Hand Weapons
 y - a +1 trident of holy wrath (weapon)
 T - a +2 spear of freezing
Missiles
 w - 25 poisoned darts (quivered)
 J - 2 throwing nets
Armour
 i - a +0 cloak (worn)
 B - a +2 pair of boots (worn)
 D - a +0 buckler (worn)
 M - +0 ice dragon scales
 P - a +1 hat (worn)
 Q - the +4 pair of gloves "Nenna" (worn) {Str+2 Int+6}
   (You found it on level 12 of the Dungeon)

   It affects your strength (+2).
   It affects your intelligence (+6).
 R - a +0 troll leather armour
Magical Staves
 v - an uncursed staff of wizardry
 L - an uncursed staff of energy
Jewellery
 a - an uncursed ring of magical power
 b - the ring "Yshrafoz" {rElec EV+1 Int+2 Dex+4, unknown}
   (You found it in an ice cave)

   [ring of evasion]

   It affects your evasion (+1).
   It affects your intelligence (+2).
   It affects your dexterity (+4).
   It insulates you from electricity.
 e - a ring of see invisible (right hand)
 l - an uncursed ring of protection from fire
 p - an amulet of faith (around neck)
 r - an uncursed ring of protection from fire
 t - an uncursed ring of protection from fire
 z - the amulet "Sanerek" {Inacc Dex+2 SInv, unknown}
   (You found it on level 12 of the Dungeon)

   [amulet of inaccuracy]

   It reduces the accuracy of all your attacks.
   It affects your dexterity (+2).
   It lets you see invisible.
 G - an uncursed amulet of harm {unknown}
 U - a +5 ring of intelligence
 Z - the ring of Compulsion (left hand) {Wiz +Blink rC+}
   (You found it in an ice cave)

   [ring of wizardry]

   It improves your spell success rate.
   It protects you from cold.
   It lets you blink.
Wands
 f - a wand of polymorph (6)
 u - a wand of flame (9)
 H - a wand of clouds (4)
 I - a wand of random effects (24)
 X - a wand of acid (7)
Scrolls
 d - 7 scrolls of teleportation
 k - 2 scrolls of immolation
 o - 5 scrolls of remove curse
 C - a scroll of silence {unknown}
 K - a scroll of magic mapping
 O - 2 scrolls of fog
 S - a scroll of brand weapon
 W - 4 scrolls of enchant weapon {unknown}
 Y - a scroll of amnesia {unknown}
Potions
 g - a potion of agility
 h - a potion of invisibility
 j - 3 potions of lignification
 n - a potion of magic {unknown}
 q - a potion of haste
 A - 2 potions of might
 E - 2 potions of degeneration {unknown}
 F - a potion of flight {unknown}
 N - a potion of experience {unknown}
 V - 2 potions of mutation {unknown}
Comestibles
 c - 18 rations


   Skills:
 - Level 6.1 Fighting
 - Level 14.0 Polearms
 + Level 6.2 Armour
 - Level 18.0 Dodging
 - Level 2.1 Stealth
 - Level 4.1 Shields
 - Level 5.1 Invocations


You had 7 spell levels left.
You knew the following spells:

 Your Spells              Type           Power        Failure   Level  Hunger
a - Regeneration          Chrm/Necr      #.........   28%         3    ####...
b - Animate Skeleton      Necr           N/A          11%         1    ##.....

Your spell library contained the following spells:

 Spells                   Type           Power        Failure   Level  Hunger
 Infusion                 Chrm           #...         11%         1    ##.....
 Magic Dart               Conj           #...         11%         1    ##.....
 Pain                     Necr           #...         11%         1    ##.....
 Sandblast                Erth           #.....       11%         1    ##.....
 Shock                    Conj/Air       #...         11%         1    ##.....
 Passwall                 Tmut/Erth      #.......     16%         2    ###....
 Searing Ray              Conj           #.....       16%         2    ###....
 Shroud of Golubria       Chrm/Tloc      #.....       16%         2    ###....
 Song of Slaying          Chrm           #.......     16%         2    ###....
 Swiftness                Chrm/Air       #.......     16%         2    ###....
 Dazzling Flash           Conj/Hex       #.....       28%         3    ####...
 Spectral Weapon          Hex/Chrm       #.......     28%         3    ####...
 Static Discharge         Conj/Air       #.......     28%         3    ####...
 Stone Arrow              Conj/Erth      #.....       28%         3    ####...
 Vampiric Draining        Necr           #.........   28%         3    ####...
 Airstrike                Air            #.........   65%         4    #####..
 Animate Dead             Necr           N/A          65%         4    #####..
 Fulminant Prism          Conj/Hex       #.........   65%         4    #####..
 Iskenderun's Mystic Bla  Conj/Tloc      #.......     65%         4    #####..
 Petrify                  Tmut/Erth      #.......     65%         4    #####..
 Bolt of Magma            Conj/Fire/Erth #.........   93%         5    ######.
 Iskenderun's Battlesphe  Conj/Chrm      #.......     93%         5    ######.
 Lee's Rapid Deconstruct  Erth           #.........   93%         5    ######.
 Lightning Bolt           Conj/Air       #.........   93%         5    ######.
 Iron Shot                Conj/Erth      #.........   100%        6    #######
 Orb of Destruction       Conj           #.........   100%        7    #######
 Spellforged Servitor     Conj/Summ      #.........   100%        7    #######


Dungeon Overview and Level Annotations

Branches:
Dungeon (14/15)            Temple (0/1) D:5            Lair (0/6) D:9
Ossuary (visited)           IceCv (visited)
    Orc: D:9-12      Vaults: D:13-14

Altars:
Dithmenos
Elyvilon
Gozag
Hepliaklqana
Kikubaaqudgha
Makhleb
Nemelex Xobeh
Qazlal
Uskayaw
Wu Jian
Xom
Zin

Annotations:
D:3 1 runed translucent door, Crazy Yiuf
D:9 1 runed translucent door, Gildeon's ghost, novice FoFi


Message History

Okay, then.
Okay, then.
Okay, then.
Found a stone staircase leading down.
There is a stone staircase leading down here.
You start resting.
The white ugly thing is too close now for your liking.
You climb downwards.
You hear coins being counted.
An interdimensional caravan has stopped on this level and set up a bazaar.
Hurry and find its entrance before they move on! 2 centaur warriors come into view.
The centaur warrior shouts!
Found a weird runed staff.
There is a stone staircase leading up here.
As you read the scroll of fear, it crumbles to dust.
You assume a fearsome visage.
The centaur warrior looks frightened!
The centaur warrior resists with some effort.
The centaur warrior wields a cursed -3 shortbow.
The centaur warrior shoots an arrow.
The arrow hits you!
You die...

.......
.......
...|...
.......
.c.....######
............#
............#
.......@....#
............#
............#
......c###+##
.......
.......
.......
#######


You could see 2 centaur warriors.

Vanquished Creatures
  An ice dragon (IceCv)
  A death knight (D:12)
  Erica (D:10)
  2 two-headed ogres
  An unseen horror (D:12)
  3 ugly things
  A cyclops (D:12)
  A manticore (D:9)
  4 slime creatures
  2 ice statues (IceCv)
  4 rime drakes
  A centaur skeleton (D:12)
  A kobold demonologist (D:12)
  2 freezing wraiths (D:12)
  4 trolls
  A meliai (D:12)
  A jumping spider (shapeshifter) (D:12)
  Grinder (D:3)
  2 hippogriffs
  A shadow (D:12)
  3 vampires
  2 wyverns (D:12)
  3 yaks (D:12)
  A basilisk (D:12)
  2 hungry ghosts
  An acid dragon (D:12)
  A soldier ant (D:12)
  A water moccasin (D:12)
  Duvessa (D:7)
  17 ice beasts
  4 orc warriors
  7 phantoms
  3 black bears
  7 ogres
  A sky beast (D:8)
  An eye of draining (D:10)
  A crocodile (D:12)
  2 centaurs (D:7)
  An elf zombie (Ossuary)
  A big kobold (D:12)
  8 bullfrogs
  A gnoll sergeant (D:10)
  A water moccasin skeleton (D:9)
  2 scorpions (D:4)
  Dowan (D:7)
  13 killer bees
  6 wights (D:12)
  9 electric eels
  A howler monkey (D:10)
  3 crimson imps
  8 centaur zombies (Ossuary)
  2 jellies
  5 bullfrog skeletons
  3 hounds
  3 orc priests (D:9)
  10 orc wizards
  Terence (D:3)
  Jessica (D:3)
  An iguana (D:10)
  Ijyb (D:3)
  9 worker ants
  4 hound zombies
  A hound skeleton (D:11)
  3 mummies
  8 gnolls
  9 adders
  2 shadow imps
  2 oozes
  An adder zombie (D:10)
  3 worms
  A dart slug (D:1)
  6 leopard geckos
  45 orcs
  5 giant cockroaches
  10 goblins
  7 hobgoblins
  6 jackals
  5 quokkas
  10 bats
  2 frilled lizards
  A jackal skeleton (D:5)
  9 kobolds
  A leopard gecko skeleton (D:4)
  A quokka skeleton (D:4)
  6 rats
332 creatures vanquished.

Vanquished Creatures (collateral kills)
  An ice dragon (IceCv)
1 creature vanquished.

Vanquished Creatures (others)
  A shadow imp (D:12)
1 creature vanquished.

Grand Total: 334 creatures vanquished

Notes
Turn   | Place    | Note
-------+----------+-------------------------------------------
     0 | D:1      | Lavandula the Merfolk Monk began the quest for the Orb.
     0 | D:1      | Reached XP level 1. HP: 18/18 MP: 1/1
   190 | D:1      | Reached skill level 5 in Polearms
   196 | D:1      | Reached XP level 2. HP: 17/24 MP: 2/2
   655 | D:2      | Reached XP level 3. HP: 29/29 MP: 3/3
   839 | D:2      | Reached XP level 4. HP: 31/35 MP: 4/4
  1063 | D:2      | Found a stormy altar of Qazlal.
  1079 | D:2      | Became a worshipper of Qazlal Stormbringer
  1079 | D:2      | Reached * piety under Qazlal
  1079 | D:2      | Reached ** piety under Qazlal
  1381 | D:2      | Reached XP level 5. HP: 32/41 MP: 5/5
  1440 | D:2      | Found a faded altar of an unknown god.
  1491 | D:3      | Found a runed translucent door.
  1492 | D:3      | Noticed Crazy Yiuf
  1581 | D:3      | Noticed Terence
  1614 | D:3      | Killed Terence
  1826 | D:3      | Noticed Jessica
  1840 | D:3      | Killed Jessica
  1868 | D:3      | Noticed Grinder
  1955 | D:3      | Noticed Ijyb
  1984 | D:3      | Killed Ijyb
  1984 | D:3      | Reached skill level 1 in Invocations
  1984 | D:3      | Reached XP level 6. HP: 35/47 MP: 2/7
  2091 | D:3      | Paralysed by Grinder for 4 turns
  2112 | D:3      | Paralysed by Grinder for 4 turns
  2126 | D:3      | Killed Grinder
  2446 | D:4      | Reached XP level 7. HP: 39/52 MP: 10/10
  2474 | D:4      | Reached skill level 5 in Invocations
  3260 | D:5      | Entered Level 5 of the Dungeon
  3310 | D:5      | Found an opulent altar of Gozag.
  3357 | D:5      | Reached skill level 10 in Polearms
  3361 | D:5      | Reached *** piety under Qazlal
  3712 | D:5      | Reached XP level 8. HP: 49/58 MP: 11/11
  3787 | D:5      | Found a staircase to the Ecumenical Temple.
  3886 | D:5      | Learned a level 3 spell: Regeneration
  3888 | D:5      | Learned a level 1 spell: Animate Skeleton
  3974 | D:5      | Reached skill level 1 in Shields
  4281 | D:6      | Found a sand-covered staircase.
  4292 | Ossuary  | Entered an ossuary
  4382 | Ossuary  | Reached XP level 9. HP: 52/64 MP: 12/12
  4625 | D:6      | Reached **** piety under Qazlal
  4863 | D:7      | Reached skill level 5 in Fighting
  4868 | D:7      | Found a sparkling altar of Nemelex Xobeh.
  5065 | D:7      | Found a hide-covered altar of Uskayaw.
  5065 | D:7      | Found a shadowy altar of Dithmenos.
  5162 | D:7      | Noticed Dowan
  5162 | D:7      | Noticed Duvessa
  5175 | D:7      | Killed Dowan
  5178 | D:7      | Killed Duvessa
  5499 | D:7      | Found an ornate altar of the Wu Jian Council.
  5549 | D:8      | Noticed a two-headed ogre
  5577 | D:8      | Killed a two-headed ogre
  5577 | D:8      | Reached skill level 8 in Dodging
  5577 | D:8      | Reached XP level 10. HP: 51/76 MP: 8/13
  5652 | D:9      | Noticed a brown ugly thing
  5702 | D:8      | Reached skill level 9 in Dodging
  5938 | D:8      | Found a shimmering altar of Xom.
  6438 | D:8      | Reached skill level 10 in Dodging
  6942 | D:7      | Found an ancient bone altar of Kikubaaqudgha.
  6942 | D:7      | Found a hazy altar of Hepliaklqana.
  6942 | D:7      | Found a glowing silver altar of Zin.
  7003 | D:9      | Found a staircase to the Lair.
  7061 | D:9      | Reached skill level 11 in Dodging
  7394 | D:9      | Reached skill level 12 in Dodging
  7449 | D:9      | Noticed a manticore
  7473 | D:9      | Killed a manticore
  7776 | D:9      | Found a white marble altar of Elyvilon.
  7887 | D:9      | Killed a brown ugly thing
  7887 | D:9      | Reached skill level 13 in Dodging
  8151 | D:9      | Found a runed translucent door.
  8152 | D:9      | Found a shimmering altar of Xom.
  8152 | D:9      | Noticed Gildeon's ghost (novice FoFi)
  8152 | D:9      | Noticed a +0 scimitar of chaos
  8324 | D:10     | Entered Level 10 of the Dungeon
  8362 | D:10     | Reached XP level 11. HP: 81/81 MP: 14/14
  8550 | D:10     | Noticed Erica
  8560 | D:10     | Killed Erica
  8560 | D:10     | Reached skill level 14 in Dodging
  9901 | D:11     | Noticed a two-headed ogre
  9905 | D:11     | Killed a two-headed ogre
  9905 | D:11     | Reached skill level 15 in Dodging
  9916 | D:11     | Found a burning altar of Makhleb.
 10174 | D:12     | Noticed a purple ugly thing
 10188 | D:12     | Killed a purple ugly thing
 10215 | D:12     | Noticed a sixfirhy
 10271 | D:12     | Found a frozen archway.
 10278 | IceCv    | Entered an ice cave
 10327 | IceCv    | Reached skill level 16 in Dodging
 10592 | IceCv    | Reached skill level 17 in Dodging
 10649 | IceCv    | Noticed an ice dragon
 10650 | IceCv    | Noticed an ice dragon
 10685 | IceCv    | Killed an ice dragon
 10685 | IceCv    | Reached XP level 12. HP: 23/88 MP: 15/15
 10693 | IceCv    | Killed an ice dragon
 10955 | IceCv    | Got a faintly glowing tin ring
 10980 | IceCv    | Identified the ring of Compulsion {Wiz +Blink rC+} (You
                  | found it in an ice cave)
 10984 | IceCv    | Got an ancient bronze ring
 11270 | D:12     | Reached skill level 18 in Dodging
 11299 | D:12     | Reached skill level 1 in Armour
 11305 | D:12     | Noticed a death knight
 11626 | D:12     | Identified the +3 ice dragon scales of Subjectivity {+Blink
                  | rF- rC++ Str+2 Dex+4}
 12961 | D:12     | Reached skill level 5 in Armour
 13483 | D:12     | Got a brightly glowing ruby amulet
 13711 | D:12     | Killed a death knight
 13763 | D:12     | Got a pair of translucent gloves
 13774 | D:12     | Identified the +4 pair of gloves "Nenna" {Str+2 Int+6} (You
                  | found it on level 12 of the Dungeon)
 14041 | D:14     | Noticed a centaur warrior
 14041 | D:14     | Noticed a centaur warrior
 14042 | D:14     | Shot with an arrow by a centaur warrior

Levels and vault maps discovered:
D:1:      psy_arrival_conway, layout_basic
D:2:      layout_rooms, grunt_qazlal_clouds, chequers_ecumenical_altar_lobes,
          grunt_ministairs_10
D:3:      layout_rooms, uniq_terence, uniq_crazy_yiuf_cottage, uniq_grinder,
          uniq_jessica, uniq_ijyb
D:4:      layout_basic, first_ration, due_unseen_surprise
D:5:      layout_gridville, grunt_gozag_statues, minmay_temple_entry_tees
D:6:      minmay_chambers_of_threes, layout_basic, gup_ossuary_entry_pyramid
D:7:      layout_loops_ring, kennysheep_little_box,
          nicolae_overflow_hidden_temple, basic_altar, uniq_duvessa
D:8:      cheibrodos_two_vegetables, layout_rooms, kennysheep_mini,
          grunt_ogre_cave, grunt_ministairs_13
D:9:      layout_loops_corners, overflow_temple_1_default, dpeg_oklobed_lair,
          erik_orc_2, ebering_ghost_xom
D:10:     layout_cross, hangedman_abyss_or_decor_slice, kennysheep_boxes,
          uniq_erica
D:11:     layout_gridville, serial_rivers, chequers_serial_rivers_micro_e,
          chequers_serial_rivers_micro_c, chequers_serial_rivers_micro_a,
          chequers_serial_rivers_large_a, basic_altar
D:12:     minmay_the_grid_triangle_9x9_recursive_2_mashed
          [minmay_the_grid_triangle_9x9_prize_schism,
          minmay_the_grid_triangle_9x9_limited_checkers,
          minmay_the_grid_triangle_9x9_dagger,
          minmay_the_grid_triangle_9x9_sparse_checkered], layout_layer_cave,
          portal_ice_cave_rime, minivault_1
D:13:     cheibrodos_magma_flow, layout_rooms,
          lightli_vaults_fourway_checkpoint, palyth_stone_intersect,
          lemuel_flamethrower_1, uniq_maurice
D:14:     layout_gridville, serial_shops, bzr_entry_gold, lemuel_round_altar

Skill      XL: |  1  2  3  4  5  6  7  8  9 10 11 12 |
---------------+-------------------------------------+-----
Polearms       | 5 6 8 9 11 12 14 | 14.0
Invocations    | 1 4 5 |  5.1
Shields        | 4 |  4.1
Fighting       | 6 |  6.1
Dodging        | 8 13 17 18 | 18.0
Armour         | 6 |  6.2
Stealth        | |  2.1

Action                   |  1- 3 |  4- 6 |  7- 9 | 10-12 || total
-------------------------+-------+-------+-------+-------++-------
Melee: Spear             |    93 |   280 |    66 |   163 ||   602
       Trident           |       |       |   359 |  1042 ||  1401
       Tailslap          |       |       |       |     6 ||     6
Throw: Dart              |       |       |       |     5 ||     5
Invok: Upheaval          |       |     3 |     2 |    31 ||    36
       Elemental Force   |       |       |       |     3 ||     3
Evoke: Wand              |       |     2 |       |    14 ||    16
  Use: Scroll            |       |     1 |    12 |    13 ||    26
       Potion            |       |     1 |       |    13 ||    14
 Stab: Sleeping          |     7 |     3 |       |       ||    10
       Invisible         |       |       |       |     2 ||     2
  Eat: Chunk             |       |     5 |     9 |    14 ||    28
       Ration            |       |       |       |     5 ||     5
Armor: Robe              |    11 |    14 |       |       ||    25
       Plate armour      |       |     9 |       |       ||     9
       Ring mail         |       |     7 |    12 |       ||    19
       Scale mail        |       |       |    58 |    24 ||    82
       Troll leather arm |       |       |       |    57 ||    57
       Ice dragon scales |       |       |       |    30 ||    30
       Skin              |       |       |       |     2 ||     2
Dodge: Dodged            |    45 |    80 |    67 |   513 ||   705
       Deflected         |       |       |     1 |     6 ||     7
Block: Other             |       |    16 |     7 |       ||    23
       Buckler           |       |       |    61 |   406 ||   467

Table legend:
 A = Non-vault XP
 B = Vault XP
 C = Vault XP percentage of total XP
 D = Non-vault monster count
 E = Vault monster count
 F = Vault count percentage of total count
                 A         B        C        D         E       F
            +---------+---------+-------+---------+---------+-------
      Total |   16720 |   13303 |  44.3 |     247 |      86 |  25.8
            +---------+---------+-------+---------+---------+-------
        D:1 |      32 |       0 |   0.0 |      17 |       0 |   0.0
        D:2 |     127 |       7 |   5.2 |      23 |       2 |   8.0
        D:3 |      71 |     372 |  84.0 |      23 |       4 |  14.8
        D:4 |     233 |       0 |   0.0 |      13 |       0 |   0.0
        D:5 |     714 |       0 |   0.0 |      16 |       0 |   0.0
        D:6 |     769 |      18 |   2.3 |      17 |       1 |   5.6
        D:7 |     899 |     211 |  19.0 |      19 |       2 |   9.5
        D:8 |    1491 |     695 |  31.8 |      13 |      10 |  43.5
        D:9 |    2341 |     590 |  20.1 |      18 |      18 |  50.0
       D:10 |    1075 |     576 |  34.9 |      25 |       1 |   3.8
       D:11 |    2818 |      85 |   2.9 |      22 |       1 |   4.3
       D:12 |    5383 |    5182 |  49.0 |      38 |      16 |  29.6
       D:13 |     767 |       0 |   0.0 |       3 |       0 |   0.0
    Ossuary |       0 |     506 | 100.0 |       0 |      11 | 100.0
      IceCv |       0 |    5061 | 100.0 |       0 |      20 | 100.0
            +---------+---------+-------+---------+---------+-------
